 Dungeon Crawl Stone Soup version 0.30-a0-940-ge5077277c9 (webtiles) character file.

Game seed: 7620571193200513758

38 Conn the Sneak (level 3, 0/21 HPs)
             Began as an Octopode Fire Elementalist on Mar 26, 2023.
             Slain by an adder (2 damage)
             ... on level 2 of the Dungeon.
             The game lasted 00:02:18 (960 turns).

Conn the Sneak (Octopode Fire Elementalist)          Turns: 960, Time: 00:02:18

Health: 0/21       AC:  1    Str:  7    XL:     3   Next: 43%
Magic:  4/6        EV: 13    Int: 19    God:
Gold:   40         SH:  0    Dex: 12    Spells: 0/6 levels left

rFire   . . .      SeeInvis .    e - +2 spear (flame)
rCold   . . .      Faith    .    (no shield)
rNeg    . . .      Spirit   .    (helmet restricted)
rPois   .          Reflect  .    (no amulet)
rElec   .          Rampage  .    (no ring)
rCorr   .                        (no ring)
Will    .....                    (no ring)
Stlth   +++                      (no ring)
HPRegen 0.23/turn                (no ring)
MPRegen 0.10/turn                (no ring)
                                 (no ring)
                                 (no ring)

@: lethally poisoned (0 -> -7), attractive
A: almost no armour, amphibious, 8 rings, camouflage 1, gelatinous body 1,
(nimble swimmer 1), tentacles
a: no special abilities


You were on level 2 of the Dungeon.
You visited 1 branch of the dungeon, and saw 2 of its levels.

You collected 40 gold pieces.

Inventory:

Hand Weapons
 d - a +0 short sword
 e - a +2 spear of flaming (weapon)
Scrolls
 c - 2 scrolls of noise {unknown}
 g - a scroll of fog {unknown}
 i - a scroll of magic mapping {unknown}
Potions
 a - a potion of magic
 b - a potion of curing {unknown}
 f - a potion of attraction
 h - a potion of lignification {unknown}


   Skills:
 + Level 2.3 Dodging
 + Level 3.4 Stealth
 + Level 2.4 Spellcasting
 * Level 1.1 Conjurations
 * Level 0.1 Hexes
 + Level 3.3 Fire Magic


You couldn't memorise any spells.
You knew the following spells:

 Your Spells              Type           Power      Damage    Failure   Level
a - Foxfire               Conj/Fire      40%        2x1d6     6%          1
b - Inner Flame           Hex/Fire       9%         N/A       24%         3
e - Scorch                Fire           30%        2d6       6%          2

Your spell library contained the following spells:

 Spells                   Type           Power      Damage    Failure   Level
 Kindle Blastsparks       Fire/Tloc/Air  12%        2d11      30%         3
 Flame Wave               Conj/Fire      10%        2d6       54%         4
 Alistair's Intoxication  Tmut/Pois      1%         N/A       99%         5
 Borgnjor's Vile Clutch   Necr/Erth      1%         N/A       99%         5
 Eringya's Noxious Bog    Tmut/Pois      1%         N/A       100%        6


Dungeon Overview and Level Annotations

Branches:
Dungeon (2/15)

Altars:

Annotations:
D:2 Terence


Innate Abilities, Weirdness & Mutations

You cannot wear most types of armour.
You are amphibious.
You can wear up to eight rings at the same time.
Your skin changes colour to match your surroundings (Stealth+).
Your rubbery body absorbs attacks. (AC +1, EV +1)
((You are camouflaged when in or above water. (Stealth+)))
You have tentacles for arms and can constrict up to eight enemies at once.


Message History

i - a scroll labelled XOZXE DUDEU
Found a +0 short sword.
An adder and a kobold come into view.
The kobold is wielding a +1 dagger of protection.
The adder hisses angrily.
The kobold shouts!
The kobold throws a stone.
The stone hits you.
The adder moves out of view.
Casting: Foxfire (safe; 6% risk of failure)
Confirm with . or Enter, or press ? or * to list all spells.
You conjure some foxfire!
The adder bites you.
Unknown command.
Casting: Foxfire (safe; 6% risk of failure)
Confirm with . or Enter, or press ? or * to list all spells.
You conjure some foxfire!
The foxfire hits the adder.
The adder is lightly wounded.
The foxfire hits the adder.
The adder is moderately wounded.
The adder bites you.
You are poisoned.
The adder poisons you!
The kobold throws a stone.
The stone barely misses you. The adder closely misses you.
You hit the adder. You burn the adder. You grab the adder.
The adder is severely wounded.
You constrict the adder, but do no damage.
You feel sick.
The foxfire hits the adder.
The adder is severely wounded.
The kobold throws a stone.
The stone hits you. The adder bites you.
Unknown command.
Terence shouts!
You hit the adder but do no damage.
The adder is severely wounded.
You constrict the adder.
You feel sick. The adder bites you.
* * * LOW HITPOINT WARNING * * *
You are lethally poisoned!
The adder poisons you!
It was a potion of attraction.
You feel attractive to monsters.
You constrict the adder.
* * * LOW HITPOINT WARNING * * *
You feel sick. The adder barely misses you. The adder bites you.
You die...

... #.. ####..##
######### .....@.#
#....#..#
.....####.#.##..#
#..............#####
.####.KS####............
#.....)@....[#####.#####
.####.######.# #.# #
###.# ###.#####
.####...###........
...@........#.#####
#####.#.#####.# #.#.#
#.# #.# #.# #.# #.#


You could see Terence, an adder and a kobold.

Vanquished Creatures
  An adder (D:2)
  A worm (D:2)
  A ball python (D:1)
  2 bats
  2 endoplasms (D:1)
  2 giant cockroaches (D:1)
  5 goblins
  A hobgoblin (D:1)
  4 kobolds (D:1)
  3 frilled lizards
  3 rats
25 creatures vanquished.

Vanquished Creatures (others)
  30 foxfires
30 creatures vanquished.

Grand Total: 55 creatures vanquished

Notes
Turn   | Place    | Note
-------+----------+-------------------------------------------
     0 | D:1      | Conn the Octopode Fire Elementalist began the quest for the
                  | Orb.
     0 | D:1      | Reached XP level 1. HP: 11/11 MP: 3/3
   186 | D:1      | Reached XP level 2. HP: 17/17 MP: 5/5
   193 | D:1      | Found a faded altar of an unknown god.
   691 | D:2      | Noticed Terence
   695 | D:2      | Learned a level 2 spell: Scorch
   830 | D:2      | Reached XP level 3. HP: 21/21 MP: 0/6
   872 | D:2      | Learned a level 3 spell: Inner Flame
   960 | D:2      | Slain by an adder

Illustrated notes

Levels and vault maps discovered:
D:1:      dpeg_arrival_tiny_f, layout_basic,
          shapermc_ecumenical_altar_notcrosses
D:2:      layout_loops_ring, uniq_robin, uniq_terence, uniq_crazy_yiuf_cottage,
          uniq_sigmund

Skill      XL: |  1  2 |
---------------+-------+-----
Stealth        | 3 |  3.4
Dodging        | |  2.3
Spellcasting   | |  2.4
Conjurations   | |  1.1
Hexes          | |  0.1
Fire Magic     | |  3.3

Action                     || total
---------------------------++-------
  Melee: Constrict         ||     7
         Short sword       ||     2
         Tentacles         ||     8
         Unarmed           ||     1
         Spear             ||    27
         Punch             ||     1
   Cast: Foxfire           ||    19
    Use: Potion            ||     1
   Stab: Sleeping          ||     7
 Armour: Skin              ||     3
  Dodge: Dodged            ||     8

Table legend: (Time is in decaauts)
 A = Elapsed time spent in this place.
 B = Non-inter-level travel time spent in this place.
 C = Inter-level travel time spent in this place.
 D = Time resting spent in this place.
 E = Time spent auto-exploring this place.
 F = Levels seen in this place.
 G = Mean time per level.
                   A        B        C        D        E       F      G
               +--------+--------+--------+--------+--------+-----+--------+
         Total |    961 |    954 |      7 |     44 |    657 |   2 |  480.5 |
       Dungeon |    961 |    954 |      7 |     44 |    657 |   2 |  480.5 |
               +--------+--------+--------+--------+--------+-----+--------+

Top non-repeatable levels by time:
     D:1: 752 daAuts
     D:2: 209 daAuts
